Cogmind - Beta 15 @@@ ROGUE MODE // 2025.08.18 @ 22:20:38 Player: winnking222 Result: Destroyed by S-27 Virus with Autogun Performance ------------- Evolutions (5) 2500 Regions Visited (19) 3800 Robots Destroyed (190) 950 Value Destroyed (8424) 8424 Prototype IDs (46) 920 Alien Tech Used (0) 0 Bonus (5384) 5384 TOTAL SCORE: 21978 Bonus ------- High Alert Combat Kills 761 Follower Combat Kills 532 Entered Garrisons 200 Aligned with FarCom 300 Met Imprinter 300 Destroyed Z-Imprinter 1000 Triggered Deep Caves Wall 500 Exposed GOLEM Chamber 500 Acquired ECA 300 Met Warlord at Base 500 MAIN.C Attacked Warlord 500 Warlord Defense Kills 460 Friendly Fire -469 Cogmind --------- Core Integrity 0/1000 Matter 300/300 Energy 1085/1100 System Corruption 0% Temperature Cool (2) Movement Walking (180) Ox1 Location -4/Proximity Caves Parts ------- > --- POWER (2) -------- Assembled Flux Generator > --- PROPULSION (5) --- Advanced VSS Leg Assembled Alloy Leg Assembled Alloy Leg > --- UTILITY (8) ------ Assembled Nanovents Assembled Nanovents Assembled Nanovents High-capacity Storage Unit Assembled Biocell Array Assembled Alloy Armor GOLEM Unit > --- WEAPON (2) ------- Assembled Focal Cannon Assembled Focal Cannon > --- INVENTORY (20) --- Zionite Light DM Reactor Compact Wheel Zionite Biocell (600) High-capacity Matter Pod (200) Hardened Heavy Armor Plating Hacking Drone Bay GOLEM Unit PSU Rigger Zionite Laser-S Zionite Laser-S Vortex Rail Vortex Rail Smartbomb Launcher Field Lobotomy Kit (1) CR-A16's Pointy Stick Peak State ------------ > --- POWER ------------ Assembled Flux Generator > --- PROPULSION ------- Myomer Leg Myomer Leg Myomer Leg Assembled Alloy Leg Assembled Alloy Leg > --- UTILITY ---------- Assembled Nanovents Assembled Nanovents Assembled Nanovents High-capacity Storage Unit Assembled Biocell Array Assembled Alloy Armor GOLEM Unit > --- WEAPON ----------- Assembled Focal Cannon Assembled Focal Cannon > --- INVENTORY -------- Zionite Light DM Reactor Myomer Leg Compact Wheel Experimental Heat Sink Zionite Biocell High-capacity Matter Pod Advanced Targeting Computer Hacking Drone Bay GOLEM Unit GOLEM Unit PSU Rigger Zionite Laser-S Zionite Laser-S Smartbomb Launcher Field Lobotomy Kit CR-A16's Pointy Stick [Rating: 148] Favorites ----------- Power Improved Deuterium Engine Engine Improved Deuterium Engine Power Core Light Nuclear Core Reactor Assembled Flux Generator Propulsion Improved Titanium Leg Treads Light Treads Leg Improved Titanium Leg Wheel Compact Wheel Hover Unit Antigrav System Utility High-capacity Storage Unit Device Assembled Nanovents Storage High-capacity Storage Unit Processor Improved Signal Interpreter Hackware Hacking Suite Protection Assembled Alloy Armor Weapon Cooled Particle Cannon Energy Gun Heavy Particle Gun Energy Cannon Cooled Particle Cannon Ballistic Gun Precision Assault Rifle Ballistic Cannon Gauss Cannon Launcher Rocket Array Special Weapon Field Lobotomy Kit Impact Weapon Impact Mace Piercing Weapon CR-A16's Pointy Stick Build | -11 -10 -10 -10 -9 -8 -7 -6 -6 -6 -6 -6 -5 -5 -5 -5 -5 -5 -5 -4 ------- Run | Yrd Mat Min Exi Min Mat Fac Fac Low Low Zio Dee Pro Fac Gar Fac Upp Upp War Pro Slots Evolved 10 | . . . . . 4 2 2 . . . . . 2 . . . . . . Power 1 | . . . . . . . 1 . . . . . . . . . . . . Propulsion 3 | . . . . . 2 1 . . . . . . . . . . . . . Utility 6 | . . . . . 2 1 1 . . . . . 2 . . . . . . Weapon . | . . . . . . . . . . . . . . . . . . . . Parts Attached 145 | 7 5 4 6 1 24 30 8 4 1 5 31 . 4 5 4 1 1 4 . Power 14 | 1 1 1 . 1 2 3 1 . 1 . 3 . . . . . . . . Engine 9 | 1 1 1 . . 1 3 1 . 1 . . . . . . . . . . Core 2 | . . . . 1 1 . . . . . . . . . . . . . . Reactor 3 | . . . . . . . . . . . 3 . . . . . . . . Propulsion 44 | 2 1 2 3 . 5 11 1 . . . 5 . 1 5 3 1 1 3 . Treads 3 | 2 . . . . . 1 . . . . . . . . . . . . . Leg 38 | . . 2 3 . 5 10 1 . . . 5 . 1 3 3 1 1 3 . Wheel 1 | . 1 . . . . . . . . . . . . . . . . . . Hover 2 | . . . . . . . . . . . . . . 2 . . . . . Flight . | . . . . . . . . . . . . . . . . . . . . Utility 56 | 2 1 1 1 . 10 10 4 3 . 4 16 . 2 . 1 . . 1 . Device 21 | 1 . 1 1 . 1 5 1 3 . 1 4 . 2 . . . . 1 . Storage 6 | 1 1 . . . 1 1 . . . . 1 . . . 1 . . . . Processor 7 | . . . . . 3 . 2 . . 2 . . . . . . . . . Hackware 1 | . . . . . . 1 . . . . . . . . . . . . . Protection 21 | . . . . . 5 3 1 . . 1 11 . . . . . . . . Artifact . | . . . . . . . . . . . . . . . . . . . . Weapon 31 | 2 2 . 2 . 7 6 2 1 . 1 7 . 1 . . . . . . Energy Gun 12 | 2 2 . . . 3 . . . . . 4 . 1 . . . . . . Energy Cannon 7 | . . . 2 . . . 2 . . . 3 . . . . . . . . Ballistic Gun 5 | . . . . . 2 3 . . . . . . . . . . . . . Ballistic Cannon 2 | . . . . . 1 1 . . . . . . . . . . . . . Launcher 2 | . . . . . 1 1 . . . . . . . . . . . . . Special Weapon 1 | . . . . . . . . 1 . . . . . . . . . . . Impact Weapon 1 | . . . . . . 1 . . . . . . . . . . . . . Slashing Weapon . | . . . . . . . . . . . . . . . . . . . . Piercing Weapon 1 | . . . . . . . . . . 1 . . . . . . . . . Special Melee Weapon . | . . . . . . . . . . . . . . . . . . . . Unidentified Prototypes 17 | . . . . . 2 3 2 . . . 9 . 1 . . . . . . Corrupted Parts 3 | . . . . . . . . . . 1 2 . . . . . . . . System Corruption 11 | . . . . . . . . . . 1 10 . . . . . . . . Parts Lost 49 | . 3 1 . . 2 1 . . . . 6 . 5 8 3 6 . 14 . Power 2 | . 1 . . . . . . . . . . . . . . . . 1 . Propulsion 16 | . 1 1 . . 1 1 . . . . 2 . 2 2 2 1 . 3 . Utility 22 | . . . . . 1 . . . . . 3 . 2 4 . 5 . 7 . Weapon 9 | . 1 . . . . . . . . . 1 . 1 2 1 . . 3 . Highest Loss Streak 9 | . 2 1 . . 1 1 . . . . 4 . 5 6 1 5 . 9 . To Critical Strikes . | . . . . . . . . . . . . . . . . . . . . Average Backups 17 | 4 9 14 14 14 18 19 19 19 19 19 18 17 17 17 16 17 16 14 15 Power 1 | . 1 1 1 1 1 1 1 1 2 2 1 1 2 2 1 1 1 1 1 Propulsion 2 | 2 2 2 2 2 1 2 4 4 4 3 2 1 1 1 1 2 1 1 1 Utility 7 | . 3 6 6 7 9 8 6 7 6 7 7 9 8 7 8 8 7 6 6 Weapon 4 | . 2 5 4 3 4 5 5 5 4 5 5 5 5 5 4 4 4 5 6 Tool/Special . | . . . . . . . . . . . . . . . . . . . . Unused Backups 51 | . 1 . 1 . 10 10 3 2 . 2 7 . 1 . 3 . 1 1 9 Power 8 | . . . . . 2 2 . . . . 3 . . . 1 . . . . Propulsion 4 | . . . . . . . 1 . . 1 1 . . . . . . . 1 Utility 19 | . . . . . 1 5 1 2 . 1 2 . 1 . . . 1 . 5 Weapon 18 | . 1 . 1 . 7 3 1 . . . . . . . 2 . . . 3 Tool/Special 2 | . . . . . . . . . . . 1 . . . . . . 1 . Average Slot Usage (%) 90 | . 97 99 100 100 98 99 92 85 86 86 90 100 86 83 87 83 85 87 66 Engine 6 | . 12 14 14 1 1 7 13 13 13 13 7 6 . . . . . . . Reactor 2 | . . . . . . . . . . . 4 6 5 5 5 5 5 4 4 Treads 1 | . 22 5 . . . . . . . . . . . . . . . . . Leg 26 | . . 17 28 28 35 37 32 26 26 26 27 33 28 24 28 26 26 28 17 Device 13 | . 14 14 14 14 2 6 7 9 13 14 13 13 19 22 22 23 23 22 16 Storage 9 | . 14 14 14 14 14 7 6 6 6 6 6 6 10 11 11 11 11 11 11 Processor 3 | . . . . . 8 7 10 9 6 5 2 . . . . . . . . Protection 7 | . . . . . 9 12 7 5 6 6 13 20 8 4 5 5 5 4 5 Energy Gun 5 | . 27 28 12 . 13 3 . . . . 2 13 3 . . . . . . Energy Cannon 8 | . . . 15 28 1 . 10 12 13 12 8 . 6 9 10 9 11 10 8 Ballistic Gun 1 | . . . . . 1 10 1 . . . . . . . . . . . . Peak Build Rating 148 | 7 9 9 31 16 38 59 69 72 70 72 91 91 142 147 144 148 148 148 133 Average Rating 76 | 5 7 8 11 15 31 51 66 68 69 70 81 91 133 136 138 141 144 145 119 On Entrance 68 | . 7 9 9 13 16 36 57 68 69 70 69 91 91 122 139 144 141 148 79 Naked Turns . | . . . . . . . . . . . . . . . . . . . . Heaviest Build 120 | 12 26 28 34 34 82 74 90 91 97 98 94 80 120 120 120 120 120 120 120 Greatest Support 135 | 40 40 20 60 20 58 98 98 88 88 88 99 99 120 114 125 135 135 135 78 Greatest Overweight (x) 2 | . 1 1 1 1 2 1 1 1 1 1 1 . 1 1 1 1 1 1 1 Average Overweight (x) . | . . 1 . 1 . . . . 1 1 . . . . . . . . . Largest Inventory Capacity 20 | 8 15 15 15 15 20 20 20 20 20 20 20 20 20 20 20 20 20 20 20 Average Capacity 19 | 7 11 15 15 15 19 20 20 20 20 20 20 20 20 20 20 20 20 20 20 Most Carried 20 | 6 15 15 15 15 20 20 20 20 20 20 20 20 20 20 20 20 20 20 18 Average Carried 18 | 4 9 14 14 14 18 19 19 19 19 19 18 20 19 19 19 19 19 17 18 Final Capacity 20 | 8 15 15 15 15 20 20 20 20 20 20 20 20 20 20 20 20 20 20 20 Final Carried 20 | 5 14 15 14 15 19 20 20 20 20 20 20 20 19 20 20 20 20 18 18 Class Distribution -------------------- 51% | Mutant 26% | Golem 21% | Scavenger-Mutant Dominant Class ---------------- Mutant | -10/Materials Mutant | -10/Mines Mutant | -10/Exiles Mutant | -9/Mines Mutant | -8/Materials Mutant | -7/Factory Mutant | -6/Factory Mutant | -6/Lower Caves Mutant | -6/Lower Caves Mutant | -6/Zion Scavenger-Mutant | -6/Deep Caves Scavenger-Mutant | -5/Proximity Caves Golem | -5/Factory Golem | -5/Garrison Golem | -5/Factory Golem | -5/Upper Caves Golem | -5/Upper Caves Golem | -5/Warlord Golem | -4/Proximity Caves Resources | -11 -10 -10 -10 -9 -8 -7 -6 -6 -6 -6 -6 -5 -5 -5 -5 -5 -5 -5 -4 ----------- Run | Yrd Mat Min Exi Min Mat Fac Fac Low Low Zio Dee Pro Fac Gar Fac Upp Upp War Pro Matter Collected 4339 | 270 236 69 70 29 510 825 83 161 10 90 989 160 154 344 101 97 101 40 . Remotely . | . . . . . . . . . . . . . . . . . . . . Salvage Created 9223 | 112 427 143 . 152 1309 1317 176 472 175 . 1195 75 446 1329 683 656 220 336 . Parts 398 | 8 20 5 . 9 67 64 3 13 2 . 27 6 18 66 38 30 15 7 . Haulers Intercepted 6 | . . . . . 4 1 1 . . . . . . . . . . . . Recyclers Shooed 5 | . 1 . . . . 1 . . . . . . . . 3 . . . . Parts Field Recycled . | . . . . . . . . . . . . . . . . . . . . Retrieved Matter . | . . . . . . . . . . . . . . . . . . . . Parts Self-Destructed 83 | . . . . . . . . 26 2 . . 6 . . . 34 15 . . Prevented 2 | . . . . . . . . . . . . 2 . . . . . . . Kills | -11 -10 -10 -10 -9 -8 -7 -6 -6 -6 -6 -6 -5 -5 -5 -5 -5 -5 -5 -4 ------- Run | Yrd Mat Min Exi Min Mat Fac Fac Low Low Zio Dee Pro Fac Gar Fac Upp Upp War Pro Combat Hostiles Destroyed 205 | . 14 3 . 2 24 22 2 8 3 . 57 3 13 23 10 13 4 4 . Guns 62 | . 14 3 . . 15 21 . . . . 3 3 . 2 . 1 . . . Cannons 73 | . . . . 1 3 . 2 6 2 . 5 . 3 21 10 12 4 4 . AOE 63 | . . . . 1 6 . . . . . 46 . 10 . . . . . . Classes Destroyed 25 | 2 2 . . 2 5 3 . . . . 4 1 3 . 1 . . 2 . Worker 2 | . . . . 1 1 . . . . . . . . . . . . . . Builder 2 | . . . . . . 1 . . . . . . 1 . . . . . . Tunneler 2 | 2 . . . . . . . . . . . . . . . . . . . Hauler 6 | . . . . . 4 1 1 . . . . . . . . . . . . Recycler 5 | 1 . . . . 2 1 . . . . . . 1 . . . . . . Mechanic 1 | . . . . . . . . . . . . . . . . . . 1 . Operator 1 | . . . . . 1 . . . . . . . . . . . . . . Drone 2 | . . . . . . . . . . . . 2 . . . . . . . Watcher 8 | . . . . . 3 2 . . . . . . 1 . 2 . . . . Swarmer 28 | . 6 . . . 7 3 . . . . . . . 4 . 6 . 2 . Saboteur 1 | . . . . . . . . . . . . . 1 . . . . . . Grunt 50 | . 8 3 . 2 10 8 . 4 2 . . . 1 6 4 2 . . . Brawler 6 | . . . . . 1 . . 2 1 . . . . . . 2 . . . Duelist 5 | . . . . 1 . . . . . . . . . 4 . . . . . Protector 1 | . . . . . . . . . . . . . 1 . . . . . . Sentry 17 | . . . . . 6 3 . 1 . . . . . 5 . 1 . 1 . Specialist 6 | . . . . . . 2 . . . . . . 4 . . . . . . Hunter 7 | . . . . . . . . . . . . . 2 . . 2 2 1 . Programmer 25 | . . . . . . 6 2 1 . . . 1 4 4 5 . 2 . . Heavy 1 | . . . . . . . . . . . . . . . 1 . . . . Striker 1 | . . . . . . . . . . . . . . . . . . 1 . Z-Light 6 | . . . . . . . . . . . 6 . . . . . . . . Assembler 2 | . . . . . . . . . . . 2 . . . . . . . . Assembled 47 | . . . . . . . . . . . 47 . . . . . . . . Golem 3 | . . . . . . . . . . . 3 . . . . . . . . Butcher 2 | . . . . . . . . . . . 1 . . . . . . 1 . Best Kill Streak 47 | 2 3 2 . 3 5 5 1 2 3 . 47 1 15 8 4 4 2 3 . Combat Bots Only 45 | . 3 2 . 2 5 5 1 2 3 . 45 1 13 8 3 4 2 3 . Max Kills in Single Turn 10 | 1 1 1 . 3 3 2 1 1 1 . 10 1 6 1 1 2 1 1 . Gunslinging . | . . . . . . . . . . . . . . . . . . . . Exploded 10 | . . . . 1 3 . . . . . 10 . 6 . . . . . . Melee . | . . . . . . . . . . . . . . . . . . . . Uniques/NPCs Destroyed 1 | . . . . . . . . . . . 1 . . . . . . . . Z-Imprinter (-6/Deep Caves) Combat | -11 -10 -10 -10 -9 -8 -7 -6 -6 -6 -6 -6 -5 -5 -5 -5 -5 -5 -5 -4 -------- Run | Yrd Mat Min Exi Min Mat Fac Fac Low Low Zio Dee Pro Fac Gar Fac Upp Upp War Pro Hostile Shots Fired 1231 | . 88 8 . . 109 188 33 31 . . 126 6 136 169 64 84 19 169 1 Missed 412 | . 27 1 . . 40 78 9 7 . . 35 2 37 46 15 35 6 74 . Hits 819 | . 61 7 . . 69 110 24 24 . . 91 4 99 123 49 49 13 95 1 Melee 47 | . . . . . . . . 3 . . 1 . . 14 . 4 . 25 . Projectile 772 | . 61 7 . . 69 110 24 21 . . 90 4 99 109 49 45 13 70 1 AOE 7 | . . . . . 6 . . . . . . . . . . . . 1 . Critical Strikes 35 | . 1 . . . 3 2 1 . . . . . 4 9 4 2 . 9 . Part Disruptions 4 | . . . . . . . . . . . . . 2 1 . . 1 . . Damage Taken 15583 | . 647 72 . 28 1119 1371 493 359 . . 2817 78 1401 2250 1236 869 201 2627 15 Core 1511 | . 55 10 . . 119 51 . 29 . . 235 . 107 227 85 86 11 481 15 Absorbed by Shields 182 | . . . . . . . . . . . . . . 54 . . . 128 . Redirected to Shielding 160 | . . . . . . . . . . . 139 21 . . . . . . . Ignored by Resistances 1498 | . . . . . . . . . . . . . 295 431 197 141 41 390 3 Regen/Repaired (Parts) 76 | . . . . . 27 43 . . . . . . . . . . . 6 . Core Remaining (%) 82 | 100 . . . 74 78 92 . . . . . 68 . . . . . . . Volleys Fired 611 | 13 53 5 1 4 93 80 30 17 3 1 69 9 35 79 45 33 13 27 1 Largest 2 | 2 2 2 2 2 2 2 2 2 2 2 2 2 2 2 2 2 2 2 1 Hottest 180 | 90 90 80 112 112 112 110 180 180 180 180 180 120 85 85 85 85 50 50 25 Shots Fired 1134 | 26 105 10 2 8 183 160 51 33 6 2 106 17 50 149 88 64 23 50 1 Gun 513 | 26 105 10 . . 140 157 . . . . 28 17 4 17 8 1 . . . Cannon 597 | . . . 2 8 38 3 51 32 6 2 65 . 43 130 80 63 23 50 1 Launcher 20 | . . . . . 5 . . . . . 12 . 3 . . . . . . Special 4 | . . . . . . . . 1 . . 1 . . 2 . . . . . Kinetic 123 | . . . . . 29 94 . . . . . . . . . . . . . Thermal 850 | 26 105 10 . . 118 66 51 32 6 2 18 17 43 130 88 64 23 50 1 Explosive 20 | . . . . . 5 . . . . . 12 . 3 . . . . . . Electromagnetic 95 | . . . 2 8 31 . . . . . 54 . . . . . . . . Phasic 42 | . . . . . . . . . . . 21 . 4 17 . . . . . Robot Hit Streak 23 | 9 8 3 . 3 8 23 18 13 15 . 6 8 4 15 12 9 6 7 . Robot Miss Streak 7 | 6 7 3 . 3 5 3 1 1 1 . 6 4 6 3 2 4 2 4 1 Penetration Max . | . . . . . . . . . . . . . . . . . . . . Secondary Targets 7 | . 2 . . . 2 2 . . . . 1 . . . . . . . . Max Gunslinging Chain 1 | . 1 . . . 1 1 . . . . 1 . . . . . . . . Shots Hit Robots 631 | 12 58 4 . 4 94 121 18 27 4 . 47 8 16 88 56 36 10 28 . Core Hits 480 | 4 25 3 . 5 61 49 4 6 2 . 175 4 60 35 16 18 4 9 . Critical Kills 1 | . . . . . . . . . 1 . . . . . . . . . . Critical Parts Destroyed . | . . . . . . . . . . . . . . . . . . . . Critical Strikes 8 | 2 2 . . . 3 . . . 1 . . . . . . . . . . Burn 7 | 2 2 . . . 3 . . . . . . . . . . . . . . Meltdown 1 | . . . . . . . . . 1 . . . . . . . . . . Melee Attacks 3 | . . . . . . . 2 . . 1 . . . . . . . . . Impact 2 | . . . . . . . 2 . . . . . . . . . . . . Slashing . | . . . . . . . . . . . . . . . . . . . . Piercing 1 | . . . . . . . . . . 1 . . . . . . . . . Sneak Attacks . | . . . . . . . . . . . . . . . . . . . . Combat Hostiles . | . . . . . . . . . . . . . . . . . . . . Follow-up Attacks . | . . . . . . . . . . . . . . . . . . . . Damage Inflicted 26712 | 144 685 55 . 189 2487 2626 610 1143 216 . 5243 268 2485 4047 2734 1657 552 1571 . Guns 5920 | 144 685 55 . . 1329 2564 . . . . 220 268 33 396 199 27 . . . Cannons 14246 | . . . . 82 525 30 589 1143 216 . 1104 . 659 3651 2510 1630 552 1555 . Explosions 6452 | . . . . 107 633 . . . . . 3919 . 1793 . . . . . . Melee . | . . . . . . . . . . . . . . . . . . . . Ramming 94 | . . . . . . 32 21 . . . . . . . 25 . . 16 . Kinetic 1794 | . . . . . 232 1562 . . . . . . . . . . . . . Thermal 16651 | 144 685 55 . 107 1188 1032 589 1143 216 . 358 268 742 3651 2709 1657 552 1555 . Explosive 6262 | . . . . . 633 . . . . . 3919 . 1710 . . . . . . Electromagnetic 1350 | . . . . 82 434 . . . . . 834 . . . . . . . . Impact . | . . . . . . . . . . . . . . . . . . . . Slashing . | . . . . . . . . . . . . . . . . . . . . Piercing . | . . . . . . . . . . . . . . . . . . . . Phasic 561 | . . . . . . . . . . . 132 . 33 396 . . . . . Highest Corruption 19 | . 1 1 1 1 2 5 2 2 . 1 9 7 6 13 14 19 19 19 . Average Corruption 6 | . 1 1 1 1 1 3 1 1 . 1 6 6 5 11 13 16 19 19 . Corruption Purged 8 | . . . . . 2 . . 2 . . 4 . . . . . . . . Corruption Blocked . | . . . . . . . . . . . . . . . . . . . . Effects 347 | . 3 4 6 6 4 54 4 11 . . 20 14 1 106 39 47 28 . . Message Errors 90 | . . 4 2 1 2 15 1 2 . . 4 5 1 31 11 7 4 . . Matter Fused 77 | . . . . 3 . 13 . 3 . . 3 2 . 23 9 9 12 . . Heat Flow Errors 46 | . . . . . . 7 . 1 . . 4 3 . 13 4 12 2 . . Energy Discharges 49 | . 1 . 3 2 . 6 1 4 . . 2 . . 16 4 6 4 . . Parts Rejected 2 | . . . . . . . . . . . . . . 1 1 . . . . Parts Fused 7 | . . . . . . . . 1 . . 1 1 . 1 1 2 . . . Data Loss (minor) 34 | . 1 . 1 . 1 5 1 . . . 2 1 . 13 3 2 4 . . Data Loss (major) 12 | . 1 . . . . 3 . . . . 2 . . 3 2 1 . . . Misfires 12 | . . . . . 1 3 1 . . . 1 . . 1 2 2 1 . . Alerts 9 | . . . . . . 2 . . . . 1 1 . 2 . 2 1 . . Weapon Failures 9 | . . . . . . . . . . . . 1 . 2 2 4 . . . Overload Shots 56 | . . . . . . . 17 20 6 2 11 . . . . . . . . Effects 4 | . . . . . . . 1 2 1 . . . . . . . . . . Energy Bleed 1 | . . . . . . . . 1 . . . . . . . . . . . Heat Surge 3 | . . . . . . . 1 1 1 . . . . . . . . . . Overflow Damage 677 | . . . . . . . 47 39 . . 103 . 60 104 185 23 56 60 . Projectiles 630 | . . . . . . . 47 39 . . 60 . 56 104 185 23 56 60 . Explosions 47 | . . . . . . . . . . . 43 . 4 . . . . . . Melee . | . . . . . . . . . . . . . . . . . . . . Knockbacks 3 | . . . . . . 1 . . . . . . . . 2 . . . . Impact 3 | . . . . . . 1 . . . . . . . . 2 . . . . Kinetic . | . . . . . . . . . . . . . . . . . . . . Secondary . | . . . . . . . . . . . . . . . . . . . . Self-Inflicted Damage 187 | . . . . 28 . . 87 . . . 22 . 50 . . . . . . Shots 6 | . . . . 1 . . 1 . . . 1 . 3 . . . . . . Rammed 1 | . 1 . . . . . . . . . . . . . . . . . . Targets Rammed 8 | . 1 . . . . 1 2 . . . . . . . 2 . . 2 . Kicked 7 | . . . . . . 1 2 . . . . . . . 2 . . 2 . Crushed . | . . . . . . . . . . . . . . . . . . . . Highest Temperature 426 | 140 306 72 9 27 390 270 192 426 245 54 351 225 36 224 218 208 47 . . Average Temperature 85 | 67 69 35 6 15 90 54 33 112 111 31 131 53 24 94 103 93 43 . . Received Heat Transfer 2720 | . 243 42 . . 387 255 45 72 . . 549 . 324 319 225 117 . 142 . Effects 7 | . . . . . 1 . . 2 . . 4 . . . . . . . . Energy Bleed 3 | . . . . . . . . 1 . . 2 . . . . . . . . Interference 2 | . . . . . . . . . . . 2 . . . . . . . . Damage (minor) 2 | . . . . . 1 . . 1 . . . . . . . . . . . Siege Activations . | . . . . . . . . . . . . . . . . . . . . Martial Activations . | . . . . . . . . . . . . . . . . . . . . Shielding Activations . | . . . . . . . . . . . . . . . . . . . . Robots Disrupted . | . . . . . . . . . . . . . . . . . . . . Combat Hostiles . | . . . . . . . . . . . . . . . . . . . . Robots Corrupted 3 | . . . . . . . . . . . 3 . . . . . . . . Combat Hostiles 3 | . . . . . . . . . . . 3 . . . . . . . . Parts Fried 5 | . . . . . . . . . . . 5 . . . . . . . . Impact Corruptions . | . . . . . . . . . . . . . . . . . . . . Robots Melted 4 | . . . . . . 1 . 2 1 . . . . . . . . . . Combat Hostiles 4 | . . . . . . 1 . 2 1 . . . . . . . . . . Parts Melted 25 | . 5 1 . . 3 5 2 4 . . . 1 . . . . 1 3 . Heat Transferred 15295 | 520 1840 125 . 100 2516 1850 692 1170 200 . 171 296 337 1820 1609 937 275 837 . Parts Sabotaged . | . . . . . . . . . . . . . . . . . . . . Parts Stolen . | . . . . . . . . . . . . . . . . . . . . Parts Stripped . | . . . . . . . . . . . . . . . . . . . . Power Chain Reactions 1 | . . . . 1 . . . . . . . . . . . . . . . Alert | -11 -10 -10 -10 -9 -8 -7 -6 -6 -6 -6 -6 -5 -5 -5 -5 -5 -5 -5 -4 ------- Run | Yrd Mat Min Exi Min Mat Fac Fac Low Low Zio Dee Pro Fac Gar Fac Upp Upp War Pro Maximum Alert Level 5 | . . . . . 1 1 . . . . . . 2 5 3 . . . . Low Security (%) 67 | 100 100 100 . 100 75 94 100 . . . . . 57 . . . . . . Level 1 13 | . . . . . 24 5 . . . . . . 34 28 . . . . . Level 2 6 | . . . . . . . . . . . . . 8 29 . . . . . Level 3 8 | . . . . . . . . . . . . . . 19 100 . . . . Level 4 3 | . . . . . . . . . . . . . . 16 . . . . . Level 5 1 | . . . . . . . . . . . . . . 5 . . . . . High Security . | . . . . . . . . . . . . . . . . . . . . Max Security . | . . . . . . . . . . . . . . . . . . . . Peak Influence 1771 | 5 121 62 . 62 351 225 110 . . . . . 450 1771 963 . . . . Initial 929 | . . . . . . 159 105 . . . . . 450 274 929 . . . . Average 246 | . 36 5 . 4 131 96 16 . . . . . 186 732 895 . . . . Influence Increases 6794 | 15 416 108 . 62 1034 772 219 308 72 . . 40 964 1597 389 319 103 376 . Destroy 0b10 Robot/C 3240 | . 280 80 . 40 680 440 40 260 60 . . 20 240 460 200 280 80 80 . Destroy 0b10 Robot/NC 150 | 15 . . . 5 55 25 5 . . . . 10 20 . 10 . . 5 . Destroy Leader 628 | . 60 20 . 10 174 146 22 20 10 . . 10 42 20 54 20 20 . . Allied During Kill 85 | . . 8 . 3 46 . . 13 2 . . . . . . 4 3 6 . Successful Hack 78 | . 15 . . . 9 28 . . . . . . 26 . . . . . . Disable Machine 225 | . . . . . 15 90 30 . . . . . 60 15 15 . . . . Anti-Garrison Action 900 | . . . . . . . . . . . . . . 900 . . . . . Destroy Structure 408 | . 1 . . 4 25 43 47 . . . . . 126 112 50 . . . . Advance Influence 450 | . . . . . . . . . . . . . 450 . . . . . . Partial Spotted 30 | . . . . . . . 15 . . . . . . . 15 . . . . Lose Combat Pursuer 600 | . 60 . . . 30 . 60 15 . . . . . 90 45 15 . 285 . Influence Decreases 6794 | 15 416 108 . 62 683 907 329 372 114 . . 40 572 218 1240 793 384 376 165 Entered New Map 2069 | . . . . . . 192 111 40 9 . . . . 118 842 341 86 165 165 Time Decay 4142 | 15 378 78 . 62 623 705 218 312 85 . . 40 522 . 368 392 278 66 . Lost Part 425 | . 30 10 . . 20 10 . . . . . . 50 80 30 60 . 135 . Lost Ally 150 | . . 20 . . 40 . . 20 20 . . . . 20 . . 20 10 . Purge Threat 8 | . 8 . . . . . . . . . . . . . . . . . . Squads Dispatched 30 | . 2 . . . 6 9 2 . . . . . 4 . 7 . . . . Investigation 4 | . 1 . . . 2 1 . . . . . . . . . . . . . Extermination 12 | . . . . . . 5 2 . . . . . 3 . 2 . . . . Reinforcement 7 | . 1 . . . 1 3 . . . . . . . . 2 . . . . Assault 3 | . . . . . . . . . . . . . . . 3 . . . . Garrison 4 | . . . . . 3 . . . . . . . 1 . . . . . . Intercept . | . . . . . . . . . . . . . . . . . . . . Searches Triggered . | . . . . . . . . . . . . . . . . . . . . Construction Impeded . | . . . . . . . . . . . . . . . . . . . . Haulers Reinforced . | . . . . . . . . . . . . . . . . . . . . Active Scanning Responses . | . . . . . . . . . . . . . . . . . . . . Cargo Convoy Interrupts . | . . . . . . . . . . . . . . . . . . . . Stealth | -11 -10 -10 -10 -9 -8 -7 -6 -6 -6 -6 -6 -5 -5 -5 -5 -5 -5 -5 -4 --------- Run | Yrd Mat Min Exi Min Mat Fac Fac Low Low Zio Dee Pro Fac Gar Fac Upp Upp War Pro Distress Signals 9 | . 1 . . . 4 . . . . . . . . . 2 . . 2 . Communications Jammed . | . . . . . . . . . . . . . . . . . . . . Distress Signals . | . . . . . . . . . . . . . . . . . . . . Times Spotted 344 | . 23 4 . 2 49 27 10 14 3 . 49 4 15 29 26 16 4 67 2 Peak Tracking Total 25 | . 5 2 . 2 6 2 4 5 2 . 19 1 11 8 4 7 2 25 1 Tactical Retreats 19 | . 2 . . . 2 . 2 1 . . 1 . . 3 3 1 . 4 . Traps | -11 -10 -10 -10 -9 -8 -7 -6 -6 -6 -6 -6 -5 -5 -5 -5 -5 -5 -5 -4 ------- Run | Yrd Mat Min Exi Min Mat Fac Fac Low Low Zio Dee Pro Fac Gar Fac Upp Upp War Pro Traps Triggered 11 | . 2 . . . . 4 . . . . . . . 4 1 . . . . Indirectly . | . . . . . . . . . . . . . . . . . . . . Trap Hack Attempts . | . . . . . . . . . . . . . . . . . . . . Triggered . | . . . . . . . . . . . . . . . . . . . . Disarmed . | . . . . . . . . . . . . . . . . . . . . Reprogrammed . | . . . . . . . . . . . . . . . . . . . . Reused . | . . . . . . . . . . . . . . . . . . . . Traps Extracted . | . . . . . . . . . . . . . . . . . . . . Installed . | . . . . . . . . . . . . . . . . . . . . Triggered . | . . . . . . . . . . . . . . . . . . . . Machines | -11 -10 -10 -10 -9 -8 -7 -6 -6 -6 -6 -6 -5 -5 -5 -5 -5 -5 -5 -4 ---------- Run | Yrd Mat Min Exi Min Mat Fac Fac Low Low Zio Dee Pro Fac Gar Fac Upp Upp War Pro Machines Disabled 18 | . . . . . 1 6 2 1 . . 2 . 4 1 1 . . . . Max in Single Turn 5 | . . . . . 1 5 1 . . . 1 . 2 1 1 . . . . Machines Repaired . | . . . . . . . . . . . . . . . . . . . . Machines Dismantled . | . . . . . . . . . . . . . . . . . . . . Machines Sabotaged . | . . . . . . . . . . . . . . . . . . . . Overloaded Fab Kills . | . . . . . . . . . . . . . . . . . . . . Hacking | -11 -10 -10 -10 -9 -8 -7 -6 -6 -6 -6 -6 -5 -5 -5 -5 -5 -5 -5 -4 --------- Run | Yrd Mat Min Exi Min Mat Fac Fac Low Low Zio Dee Pro Fac Gar Fac Upp Upp War Pro Machines Accessed 37 | . 6 . 2 . 10 8 3 1 . . . . 2 . . . . 5 . Terminals 21 | . 6 . . . 8 5 1 . . . . . 1 . . . . . . Fabricators 3 | . . . . . . 1 2 . . . . . . . . . . . . Repair Stations 2 | . . . . . 1 1 . . . . . . . . . . . . . Recycling Units . | . . . . . . . . . . . . . . . . . . . . Scanalyzers . | . . . . . . . . . . . . . . . . . . . . Garrison Access 3 | . . . . . 1 1 . . . . . . 1 . . . . . . Total Hacks 77 | . 12 . 3 . 28 14 5 1 . . . . 2 . . . . 12 . Successful 44 | . 8 . 3 . 8 9 1 1 . . . . 2 . . . . 12 . Failed 33 | . 4 . . . 20 5 4 . . . . . . . . . . . . Catastrophic 5 | . . . . . 3 1 1 . . . . . . . . . . . . Database Lockouts . | . . . . . . . . . . . . . . . . . . . . Manual 37 | . 11 . 1 . 15 4 1 . . 4 . . 1 . . . . . . Terminals 47 | . 12 . . . 24 9 1 . . . . . 1 . . . . . . Fabricators 5 | . . . . . . 1 4 . . . . . . . . . . . . Repair Stations 5 | . . . . . 2 3 . . . . . . . . . . . . . Recycling Units . | . . . . . . . . . . . . . . . . . . . . Scanalyzers . | . . . . . . . . . . . . . . . . . . . . Garrison Access 4 | . . . . . 2 1 . . . . . . 1 . . . . . . Terminal Hacks 22 | . 1 . 3 . 2 3 . 1 . . . . . . . . . 12 . Record 12 | . . . 2 . . . . . . . . . . . . . . 10 . Open Door 3 | . . . . . . . . 1 . . . . . . . . . 2 . Branch Access Points 1 | . . . . . . 1 . . . . . . . . . . . . . Unreport Threat 1 | . 1 . . . . . . . . . . . . . . . . . . Locate Traps 1 | . . . . . . 1 . . . . . . . . . . . . . Maintenance Status 1 | . . . . . 1 . . . . . . . . . . . . . . Hauler Manifests 1 | . . . . . 1 . . . . . . . . . . . . . . Zone Layout 1 | . . . . . . 1 . . . . . . . . . . . . . Proto ID Catalog 1 | . . . 1 . . . . . . . . . . . . . . . . Fabricator Hacks 2 | . . . . . . 1 1 . . . . . . . . . . . . Network Status 2 | . . . . . . 1 1 . . . . . . . . . . . . Repair Station Hacks 5 | . . . . . 2 3 . . . . . . . . . . . . . Scan Component 3 | . . . . . 1 2 . . . . . . . . . . . . . Repair 2 | . . . . . 1 1 . . . . . . . . . . . . . Recycling Unit Hacks . | . . . . . . . . . . . . . . . . . . . . Scanalyzer . | . . . . . . . . . . . . . . . . . . . . Garrison Access Hacks 1 | . . . . . . . . . . . . . 1 . . . . . . Unlock Access 1 | . . . . . . . . . . . . . 1 . . . . . . Unauthorized Hacks 14 | . 7 . . . 4 2 . . . . . . 1 . . . . . . Terminals 14 | . 7 . . . 4 2 . . . . . . 1 . . . . . . Botnet 8 | . 2 . . . 4 1 . . . . . . 1 . . . . . . Skim 6 | . 5 . . . . 1 . . . . . . . . . . . . . Fabricators . | . . . . . . . . . . . . . . . . . . . . Repair Stations . | . . . . . . . . . . . . . . . . . . . . Recycling Units . | . . . . . . . . . . . . . . . . . . . . Scanalyzers . | . . . . . . . . . . . . . . . . . . . . Garrison Access . | . . . . . . . . . . . . . . . . . . . . Data Cores Recovered . | . . . . . . . . . . . . . . . . . . . . Used . | . . . . . . . . . . . . . . . . . . . . Hacking Detections 24 | . 5 . . . 8 7 3 . . . . . 1 . . . . . . Full Trace Events 5 | . 1 . . . 3 1 . . . . . . . . . . . . . Feedback Events 3 | . 1 . . . 2 . . . . . . . . . . . . . . Corruption 3 | . 1 . . . 2 . . . . . . . . . . . . . . Feedback Blocked . | . . . . . . . . . . . . . . . . . . . . Robot Schematics Acquired 3 | . . . . . . . . . . 3 . . . . . . . . . Robots Built . | . . . . . . . . . . . . . . . . . . . . Authchips . | . . . . . . . . . . . . . . . . . . . . Time . | . . . . . . . . . . . . . . . . . . . . Total Robot Build Rating . | . . . . . . . . . . . . . . . . . . . . Part Schematics Acquired 16 | . . . . . . . . . . 16 . . . . . . . . . Parts Built . | . . . . . . . . . . . . . . . . . . . . Authchips . | . . . . . . . . . . . . . . . . . . . . Time . | . . . . . . . . . . . . . . . . . . . . Total Part Build Rating . | . . . . . . . . . . . . . . . . . . . . Parts Repaired 2 | . . . . . 1 1 . . . . . . . . . . . . . Time 92 | . . . . . 32 60 . . . . . . . . . . . . . Parts Recycled . | . . . . . . . . . . . . . . . . . . . . Recycled Matter . | . . . . . . . . . . . . . . . . . . . . Retrieved Matter . | . . . . . . . . . . . . . . . . . . . . Retrieved Components . | . . . . . . . . . . . . . . . . . . . . Parts Scanalyzed . | . . . . . . . . . . . . . . . . . . . . Part Schematics Acquired . | . . . . . . . . . . . . . . . . . . . . Parts Damaged . | . . . . . . . . . . . . . . . . . . . . Bothacking | -11 -10 -10 -10 -9 -8 -7 -6 -6 -6 -6 -6 -5 -5 -5 -5 -5 -5 -5 -4 ------------ Run | Yrd Mat Min Exi Min Mat Fac Fac Low Low Zio Dee Pro Fac Gar Fac Upp Upp War Pro Used RIF Installer . | . . . . . . . . . . . . . . . . . . . . Robots Hacked . | . . . . . . . . . . . . . . . . . . . . Non-combat . | . . . . . . . . . . . . . . . . . . . . Combat . | . . . . . . . . . . . . . . . . . . . . Robot Hacks Applied . | . . . . . . . . . . . . . . . . . . . . Relay Couplers Released 8 | . . . . . . . 4 . . . . . . 4 . . . . . Programmers 8 | . . . . . . . 4 . . . . . . 4 . . . . . Fabnet Peak Effective % . | . . . . . . . . . . . . . . . . . . . . Robots Rewired 6 | . . . . . . . . 1 . . . . . . . 2 . 3 . Allies Hacked . | . . . . . . . . . . . . . . . . . . . . Hacks Repelled . | . . . . . . . . . . . . . . . . . . . . Allies | -11 -10 -10 -10 -9 -8 -7 -6 -6 -6 -6 -6 -5 -5 -5 -5 -5 -5 -5 -4 -------- Run | Yrd Mat Min Exi Min Mat Fac Fac Low Low Zio Dee Pro Fac Gar Fac Upp Upp War Pro Total Allies 17 | . . 3 . 3 . . . 2 . 2 1 . . 1 . 2 . 3 . Largest Group 3 | . . 3 1 2 2 . . 2 1 2 2 . . 1 . 2 1 3 . Highest-Rated Group 154 | . . 40 16 62 62 . . 105 76 56 70 . . 85 . 79 49 154 . Highest-Rated Ally 85 | . . 16 16 31 31 . . 85 76 31 70 . . 85 . 49 49 64 . Initial Warlord ECA Mod 9 | . . . . . . . . . . . . . . . 2 2 2 2 1 Total Orders . | . . . . . . . . . . . . . . . . . . . . Ally Attacks 107 | . . 15 . 3 44 . . 20 2 . 14 . . 1 . 5 3 . . Total Damage 2660 | . . 167 . 36 582 . . 821 109 . 707 . . 32 . 129 77 . . Kills 23 | . . 1 . . 10 . . 5 . . 6 . . . . 1 . . . Allies Corrupted . | . . . . . . . . . . . . . . . . . . . . Allies Melted 1 | . . . . . . . . . . . . . . 1 . . . . . Field Lobotomies 3 | . . . . . . . . 1 . . 1 . . 1 . . . . . Intel | -11 -10 -10 -10 -9 -8 -7 -6 -6 -6 -6 -6 -5 -5 -5 -5 -5 -5 -5 -4 ------- Run | Yrd Mat Min Exi Min Mat Fac Fac Low Low Zio Dee Pro Fac Gar Fac Upp Upp War Pro Active Infowar (turns) 10090 | 17 1665 1149 278 . . . 1 1588 1425 3250 717 . . . . . . . . Sensors 6980 | . . . . . . . . 1588 1425 3250 717 . . . . . . . . Seismic 3109 | 17 1665 1149 278 . . . . . . . . . . . . . . . . Decoding 2 | . . . . . . . . . . 2 . . . . . . . . . T.N.C. 1 | . . . . . . . 1 . . . . . . . . . . . . Robot Analysis Total . | . . . . . . . . . . . . . . . . . . . . Derelict Logs Recovered 10 | . . . . 1 . . . 2 3 1 . 1 . . . 1 1 . . Drone Launches . | . . . . . . . . . . . . . . . . . . . . Drone Recoveries . | . . . . . . . . . . . . . . . . . . . . Exploration | -11 -10 -10 -10 -9 -8 -7 -6 -6 -6 -6 -6 -5 -5 -5 -5 -5 -5 -5 -4 ------------- Run | Yrd Mat Min Exi Min Mat Fac Fac Low Low Zio Dee Pro Fac Gar Fac Upp Upp War Pro Turns Passed 31968 | 136 1665 1149 610 801 2678 3084 1461 1590 1425 3250 5217 407 1449 3073 844 936 608 1112 473 Spaces Moved 14812 | 59 562 542 320 410 1074 1428 920 702 652 1555 3526 316 427 563 303 384 233 746 90 Core 13 | 13 . . . . . . . . . . . . . . . . . . . Treads 649 | 46 429 174 . . . . . . . . . . . . . . . . . Legs 14017 | . . 368 320 410 1074 1428 920 702 652 1555 3526 316 427 563 303 384 233 746 90 Wheels 133 | . 133 . . . . . . . . . . . . . . . . . . Hover . | . . . . . . . . . . . . . . . . . . . . Flight . | . . . . . . . . . . . . . . . . . . . . Fastest Speed 45 | 50 115 190 45 190 120 114 126 127 207 207 117 118 118 125 130 132 132 130 130 Average Speed 161 | 135 160 206 183 190 186 131 128 206 207 207 133 118 133 188 178 161 161 132 177 Slowest Speed 260 | 160 240 240 190 190 260 190 207 207 207 213 212 118 189 195 190 187 187 185 180 Overloaded Moves 12 | . . . 12 . . . . . . . . . . . . . . . . Propulsion Burnouts . | . . . . . . . . . . . . . . . . . . . . Robots Hopped . | . . . . . . . . . . . . . . . . . . . . Potential Cave-ins 4 | . . . . . . . . . . . 2 . . . . . 2 . . Cave-ins Triggered . | . . . . . . . . . . . . . . . . . . . . Exploration Rate (%) 58 | 4 85 96 71 92 75 38 27 79 80 89 94 44 18 56 11 51 44 93 13 Regions Visited 19 Branch Regions 12 Pre-discovered Areas 6 | . 1 1 1 . . . . . . 1 . 1 . . . 1 . . . Known Exits Taken 7 | . 1 . . . . . 1 1 1 . . 1 1 . . 1 . . . Unknown Exits Taken 11 | 1 . 1 1 1 1 1 . . . 1 1 . . . 1 . 1 1 . Scrap Searched 17 | . . 2 . . . . . 3 4 2 . 1 . . . 4 1 . . Spaces Dug 130 | . . . . . . 61 15 . . . 11 3 21 3 10 . 6 . . Terrain Destroyed 447 | . . . . 4 18 61 47 6 2 2 103 6 94 27 26 25 12 13 1 Melee 2 | . . . . . . . 2 . . . . . . . . . . . . Projectile 182 | . . . . . . 1 16 6 2 2 15 6 30 27 26 25 12 13 1 AOE 263 | . . . . 4 18 60 29 . . . 88 . 64 . . . . . . Terrain Rammed . | . . . . . . . . . . . . . . . . . . . . Walls Destroyed . | . . . . . . . . . . . . . . . . . . . . Machines Disabled . | . . . . . . . . . . . . . . . . . . . . Actions | -11 -10 -10 -10 -9 -8 -7 -6 -6 -6 -6 -6 -5 -5 -5 -5 -5 -5 -5 -4 --------- Run | Yrd Mat Min Exi Min Mat Fac Fac Low Low Zio Dee Pro Fac Gar Fac Upp Upp War Pro Total 21731 | 89 1218 565 341 425 1578 2494 1150 806 723 1583 3918 332 1259 2428 517 640 445 815 405 Wait 5632 | . 578 11 5 9 316 894 157 52 63 5 177 8 763 1739 151 197 194 1 312 Move 14792 | 58 561 541 319 409 1073 1427 919 701 651 1554 3525 315 427 560 302 383 232 745 90 Hop . | . . . . . . . . . . . . . . . . . . . . Pick Up 153 | 11 14 2 4 1 31 16 9 4 2 5 32 . 4 6 3 3 1 5 . Fast Attach 67 | 1 3 . . . 7 15 6 2 . 3 19 . 4 4 3 . . . . Attach 55 | 6 3 1 2 . 10 2 5 . . 3 14 . 2 2 . 1 1 3 . Detach 13 | . . . . . . 2 2 . . . . . 3 3 2 1 . . . Swap 109 | . 2 3 5 1 18 19 3 6 1 3 35 . 2 5 3 1 . 2 . Drop 216 | . 3 2 5 1 30 38 15 5 3 8 47 . 19 14 6 9 4 5 2 Fire 611 | 13 53 5 1 4 93 80 30 17 3 1 69 9 35 79 45 33 13 27 1 Melee 3 | . . . . . . . 2 . . 1 . . . . . . . . . Ram . | . . . . . . . . . . . . . . . . . . . . Kick 7 | . . . . . . 1 2 . . . . . . . 2 . . 2 . Crush 1 | . 1 . . . . . . . . . . . . . . . . . . Escape Stasis 16 | . . . . . . . . . . . . . . 16 . . . . . Rewire 56 | . . . . . . . . 19 . . . . . . . 12 . 25 . Trap . | . . . . . . . . . . . . . . . . . . . . Miscellaneous . | . . . . . . . . . . . . . . . . . . . . Route ------- -11/Scrapyard -10/Materials (discovered 5 exits: *Mat x3 / *Min / *Sub) -10/Mines (discovered 4 exits: *Mat x2 / *Exi / *Sub) -10/Exiles -9/Mines (discovered 2 exits: *Mat x2) -8/Materials (discovered 3 exits: *Fac x3) -7/Factory (discovered 3 exits: *Fac / *Low x2) -6/Factory (discovered 3 exits: *Fac x2 / *Low) -6/Lower Caves -6/Lower Caves (discovered 2 exits: *Fac / *Zio) -6/Zion (discovered 2 exits: [*Dee] / [*Pro]) -6/Deep Caves -5/Proximity Caves -5/Factory (discovered 3 exits: Fac x2 / Gar) -5/Garrison (discovered 2 exits: *Fac x2) -5/Factory -5/Upper Caves -5/Upper Caves -5/Warlord -4/Proximity Caves History --------- Turn | Location | Event 11 | -11/Scrapyard | Discovered new exit (range 15) 137 | -11/Scrapyard | Entered Materials 214 | -10/Materials | Discovered new exit (range 4) 312 | -10/Materials | Build established: Mutant 554 | -10/Materials | Discovered new exit (range 16) 817 | -10/Materials | Discovered new exit (range 16) 1185 | -10/Materials | Discovered new exit (range 13) 1400 | -10/Materials | Learned location of Mines (-10) 1464 | -10/Materials | Identified exit to Mines 1464 | -10/Materials | Identified exit to Materials 1464 | -10/Materials | Identified exit to Subcaves 1663 | -10/Materials | Learned Storage stockpile data 1711 | -10/Materials | Learned Storage security intel 1771 | -10/Materials | Learned Storage trap positions 1802 | -10/Materials | Entered Mines 1824 | -10/Mines | Assisted by bots powering up and referring to "LRC-V3" 2010 | -10/Mines | Discovered exit to Materials (range 5) 2473 | -10/Mines | Discovered exit to Subcaves (range 10) 2529 | -10/Mines | Learned location of Storage (-9) 2682 | -10/Mines | Discovered exit to Materials (range 15) 2752 | -10/Mines | Deemed a non-threat by the Exiles lab entrance 2752 | -10/Mines | Discovered new exit (range 5) 2951 | -10/Mines | Entered Exiles 2951 | -10/Exiles | Accompanied by 1 ally 2999 | -10/Exiles | Met 8R-AWN 3029 | -10/Exiles | Met EX-HEX 3105 | -10/Exiles | Met EX-DEC 3113 | -10/Exiles | Learned location of Zion (-6) 3143 | -10/Exiles | Met EX-BIN 3170 | -10/Exiles | Aligned with FarCom system 3172 | -10/Exiles | Given EX-Vault access code 3216 | -10/Exiles | Opened EX-Vault 3248 | -10/Exiles | Found Potential Leg 3251 | -10/Exiles | Found Potential Leg 3262 | -10/Exiles | Found Field Lobotomy Kit 3302 | -10/Exiles | Warned to stay clear of 0b10 Research branches 3533 | -10/Exiles | Discovered new exit (range 14) 3561 | -10/Exiles | Left Exiles lab with Field Lobotomy Kit 3561 | -10/Exiles | Entered Mines 3561 | -9/Mines | Accompanied by 1 ally 3732 | -9/Mines | Discovered new exit (range 11) 4337 | -9/Mines | Received a Mining Laser from a helpful Derelict 4344 | -9/Mines | Learned Materials emergency access door positions 4349 | -9/Mines | Discovered new exit (range 4) 4362 | -9/Mines | Entered Materials 4362 | -8/Materials | Accompanied by 2 allies 4362 | -8/Materials | Evolved 4 slots: Propulsion x2, Utility x2 4367 | -8/Materials | Led the pair of lost Derelicts to an unsafe place 4392 | -8/Materials | Garrison activated, responded to threat 4652 | -8/Materials | Build established: Scavenger-Mutant 4873 | -8/Materials | Discovered new exit (range 16) 5005 | -8/Materials | Build established: Mutant 5503 | -8/Materials | Discovered new exit (range 16) 6877 | -8/Materials | Repaired Rocket Launcher 7032 | -8/Materials | Discovered new exit (range 5) 7040 | -8/Materials | Entered Factory 7040 | -7/Factory | Evolved 2 slots: Propulsion x1, Utility x1 7143 | -7/Factory | Identified exit to Lower Caves 7685 | -7/Factory | Repaired Hvy. Particle Gun 7909 | -7/Factory | Found Prototype Launcher 7909 | -7/Factory | Identified Rocket Array 10056 | -7/Factory | Discovered new exit (range 16) 10124 | -7/Factory | Entered another Factory area 10124 | -6/Factory | Evolved 2 slots: Power x1, Utility x1 10645 | -6/Factory | Discovered new exit (range 11) 10660 | -6/Factory | Identified exit to Factory 11020 | -6/Factory | Discovered new exit (range 13) 11058 | -6/Factory | Identified exit to Lower Caves 11290 | -6/Factory | Discovered exit to Factory (range 15) 11585 | -6/Factory | Entered Lower Caves 11611 | -6/Lower Caves | Learned Factory stockpile data 11765 | -6/Lower Caves | Encountered a Warlord checkpoint 12220 | -6/Lower Caves | Spotted B-75 Beast 12225 | -6/Lower Caves | Assimilated B-75 Beast with FLK Orb 12381 | -6/Lower Caves | Attracted the attention of an 0b10 outpost 12744 | -6/Lower Caves | Attracted the attention of an 0b10 checkpoint 12829 | -6/Lower Caves | Learned 4 Factory zone layouts 13142 | -6/Lower Caves | Discovered new exit (range 9) 13159 | -6/Lower Caves | Identified exit to Lower Caves 13175 | -6/Lower Caves | Entered another Lower Caves area 13175 | -6/Lower Caves | Accompanied by 1 ally 13246 | -6/Lower Caves | Discovered exit to Factory (range 14) 13424 | -6/Lower Caves | Identified exit to Zion 13787 | -6/Lower Caves | Learned Factory stockpile data 14600 | -6/Lower Caves | Entered Zion 14642 | -6/Zion | Acquired unknown access codes intercepted by a Zionite 14698 | -6/Zion | Given the Hacking Drone Bay 14777 | -6/Zion | Discovered new exit (range 16) 15034 | -6/Zion | Learned location of Quarantine (-3) 15589 | -6/Zion | Received a visual enhancement algorithm 16147 | -6/Zion | Rebuked by Imprinter 16459 | -6/Zion | Gained Derelict followers 16656 | -6/Zion | System corruption cleaned by Quarantine Array 16752 | -6/Zion | Found Prototype Device 16946 | -6/Zion | Found CR-A16's Pointy Stick 16966 | -6/Zion | Build established: Scavenger-Mutant 17809 | -6/Zion | Opened final containment barrier to the Deep Caves 17840 | -6/Zion | Discovered new exit (range 3) 17840 | -6/Zion | Saw the warning signs outside the Deep Caves entrance 17850 | -6/Zion | Entered Deep Caves 17850 | -6/Deep Caves | Accompanied by 2 allies 18550 | -6/Deep Caves | Attacked by Z-Imprinter 18585 | -6/Deep Caves | Destroyed Z-Imprinter 18607 | -6/Deep Caves | Found Prototype Protection 18608 | -6/Deep Caves | Identified Zio. Weapon Casing 18611 | -6/Deep Caves | Lost 4 parts (2n1u1w) 18904 | -6/Deep Caves | Assimilated BR-7L0(z) with FLK Orb 18913 | -6/Deep Caves | Z-Facility disabled 19056 | -6/Deep Caves | Found Prototype Protection 19056 | -6/Deep Caves | Identified Zio. Heavy Carapace 19155 | -6/Deep Caves | Found Zio. Weapon Casing 19177 | -6/Deep Caves | Build established: Mutant 19420 | -6/Deep Caves | Discovered new exit (range 8) 19489 | -6/Deep Caves | Build established: Scavenger-Mutant 19859 | -6/Deep Caves | Found Zio. Heavy Carapace 20222 | -6/Deep Caves | Found Zio. Weapon Casing 20365 | -6/Deep Caves | Destroyed AG-73647 21032 | -6/Deep Caves | Found Zio. Weapon Casing 21465 | -6/Deep Caves | Spotted AG-28579 21506 | -6/Deep Caves | Destroyed AG-28579 21953 | -6/Deep Caves | Exposed GOLEM chamber 21954 | -6/Deep Caves | Triggered Deep Caves wall 21994 | -6/Deep Caves | Spotted AS-43857 22006 | -6/Deep Caves | Spotted AS-23039 22007 | -6/Deep Caves | Destroyed AS-23039 22013 | -6/Deep Caves | Destroyed AS-43857 22039 | -6/Deep Caves | Destroyed 45 combat bots 22060 | -6/Deep Caves | Found PSU Rigger 22118 | -6/Deep Caves | Found GOLEM Unit 22700 | -6/Deep Caves | Found GOLEM Unit 22858 | -6/Deep Caves | Found GOLEM Unit 23067 | -6/Deep Caves | Entered Proximity Caves 23070 | -5/Proximity Caves | Spotter reported a threat 23219 | -5/Proximity Caves | Spotter reported a threat 23345 | -5/Proximity Caves | Spotter reported a threat 23460 | -5/Proximity Caves | Discovered exit to Factory (range 12) 23474 | -5/Proximity Caves | Entered Factory 23474 | -5/Factory | Evolved 2 slots: Utility x2 23475 | -5/Factory | Identified exit to Factory 23786 | -5/Factory | Build established: Golem 24838 | -5/Factory | Garrison activated, responded to threat 24878 | -5/Factory | Destroyed 13 combat bots 24885 | -5/Factory | Lost 5 parts (2n2u1w) 24893 | -5/Factory | Identified exit to Garrison 24923 | -5/Factory | Entered Garrison 25605 | -5/Garrison | Triggered checkpoint 25811 | -5/Garrison | System corruption reached 10% 25869 | -5/Garrison | Lost 6 parts (2n3u1w) 25878 | -5/Garrison | Destroyed 8 combat bots 26358 | -5/Garrison | Spotted B-75 Beast 26369 | -5/Garrison | Triggered checkpoint 26372 | -5/Garrison | Assimilated B-75 Beast with FLK Orb 27680 | -5/Garrison | Discovered new exit (range 11) 27701 | -5/Garrison | Attempted to access garrison exit controls, blocked by remote lockdown 27830 | -5/Garrison | Triggered checkpoint 27973 | -5/Garrison | Discovered new exit (range 12) 27996 | -5/Garrison | Entered Factory 28296 | -5/Factory | First assault squad dispatched 28633 | -5/Factory | Specialist reinforcements revealed to be Infiltrators 28831 | -5/Factory | Discovered new exit (range 4) 28840 | -5/Factory | Entered Upper Caves 28975 | -5/Upper Caves | Met a Warlord Commander 28976 | -5/Upper Caves | Learned location of Warlord (-5) 28977 | -5/Upper Caves | Warlord Commander delivered Encrypted Comm Array 29005 | -5/Upper Caves | Found Unknown Device 29115 | -5/Upper Caves | Identified exit to Upper Caves 29250 | -5/Upper Caves | Attracted the attention of an 0b10 outpost 29260 | -5/Upper Caves | Core integrity fell below 50% 29382 | -5/Upper Caves | Lost 5 parts (1n4u) 29524 | -5/Upper Caves | Encountered a Warlord checkpoint 29619 | -5/Upper Caves | Attracted the attention of an 0b10 checkpoint 29776 | -5/Upper Caves | Entered another Upper Caves area 29776 | -5/Upper Caves | Accompanied by 1 ally 29819 | -5/Upper Caves | Learned location of 1 exit from Factory 30376 | -5/Upper Caves | Discovered new exit (range 6) 30384 | -5/Upper Caves | Entered Warlord 30429 | -5/Warlord | System corruption cleaned by Quarantine Array 30693 | -5/Warlord | Received a Watcher feed algorithm from an ecstatic Tinkerer 30763 | -5/Warlord | Met Warlord 30788 | -5/Warlord | Warlord's base attacked by MAIN.C 30930 | -5/Warlord | Found Prototype Energy Gun 30932 | -5/Warlord | Found Prototype Energy Gun 31138 | -5/Warlord | Warlord forces counterattacked 31212 | -5/Warlord | Spotted Executioner 31216 | -5/Warlord | Spotted Executioner 31275 | -5/Warlord | Spotted Striker 31280 | -5/Warlord | Spotted Striker 31287 | -5/Warlord | Spotted Executioner 31346 | -5/Warlord | Lost 22 allies 31367 | -5/Warlord | Lost 3 parts (1n1u1w) 31395 | -5/Warlord | Opened side exit 31421 | -5/Warlord | Core integrity fell below 20% 31427 | -5/Warlord | Destroyed Striker 31463 | -5/Warlord | Warlord base infiltrated, sounded retreat 31467 | -5/Warlord | Spotted Executioner 31467 | -5/Warlord | Spotted Executioner 31486 | -5/Warlord | Discovered new exit (range 8) 31488 | -5/Warlord | Spotted Executioner 31488 | -5/Warlord | Spotted Executioner 31496 | -5/Warlord | Entered Proximity Caves 31526 | -4/Proximity Caves | Lost 9 parts (1p2n4u2w) 31627 | -4/Proximity Caves | Spotter reported a threat 31969 | -4/Proximity Caves | Destroyed by S-27 Virus with Autogun Last Messages --------------- 31536_ Asb. Focal Cannon integration complete. 31537_ GOLEM Unit beginning Asb. Flux Generator integration. 31625_ N-01 Spotter is scanning... 31627_ N-01 Spotter sends a signal. 31627_ ALERT: Unidentified potential threat approaching Complex 0b10. 31653_ Asb. Flux Generator integration complete. 31654_ GOLEM Unit beginning Asb. Nanovents integration. 31655_ Asb. Nanovents integration complete. 31656_ GOLEM Unit beginning Asb. Nanovents integration. 31657_ Asb. Nanovents integration complete. 31658_ GOLEM Unit beginning Asb. Nanovents integration. 31659_ Asb. Nanovents integration complete. 31660_ GOLEM Unit beginning Asb. Focal Cannon integration. 31711_ Asb. Focal Cannon integration complete. 31724_ Discarded Asb. Alloy Armor. 31725_ GOLEM Unit beginning Asb. Alloy Armor integration. 31791_ Asb. Alloy Armor integration complete. 31800_ Discarded Asb. Biocell Array. 31801_ GOLEM Unit beginning Asb. Biocell Array integration. 31817_ Asb. Biocell Array integration complete. Map ----- +----------------------------------------------------+ | ?????????????????????????????????????????????????? | | ???#####?????????????????????????????????????????? | | ??## ##???####????????????????????????????????? | | ??# #### ##???????????????????????????????? | | ????? #???????????????????????????????? | | #???????# #????#####??????????????????????? | | ? ????# #?### #??????????????????????? | | ? ????# ### #??????????????????????? | | ?# ????# ## #??????????????????????? | | ## ????# ## #??????????????????????? | | # ????### #??????????????????????? | | # #?????## #??????????????????????? | | ##?????#### ####??????????????????????? | | ###??????## ##?????????????????????????? | | "######### #??????????????????????????? | | # ### ##??????????????????????????? | | # ### ##???????????????????????????? | | #????????????????????????????? | | ##### #????????????????????????????? | | #???# ####?????????????????????????? | | # ### #???# ###???????????????????????? | | ## #### ##??# # # ##??????????????????????? | | ?# #### #??# ##?????????????????????? | | ?# ##?# ##?# #?????????????????????? | | ?###?## #?## # ##?????????????????????? | | ????## #??# @#??????????????????????? | | ????# #?# # ?????????????????????? | | ????# ### # # s ???????????????????? | | ????# #?# # ## ?????????????????? | | ????# ####?## ### # ? ???????????????? | | ???## ##???? ???# ?? ?????????????? | | ?### ##????# ??? #???# #???????????? | | ## ##?????# ??? #?????#### #???????????? | | # ##??????# ??? ??????????? #???????????? | | # #??????? # ??# #????????????#???????????? | | # ####??????? ??##?????????????????????????? | | # #??????????????????????????????????????? | | ## ## #?????????????????????????????????????? | | ?##?### ##?????????????????????????????????????? | | ???????####??????????????????????????????????????? | | ?????????????????????????????????????????????????? | | ?????????????????????????????????????????????????? | | ?????????????????????????????????????????????????? | | ?????????????????????????????????????????????????? | | ?????????????????????????????????????????????????? | | ?????????????????????????????????????????????????? | | ?????????????????????????????????????????????????? | | ?????????????????????????????????????????????????? | | ?????????????????????????????????????????????????? | | ?????????????????????????????????????????????????? | +----------------------------------------------------+ Best States ------------- Heat Dissipation 85 Energy Generation 45 Energy Capacity 1700 Matter Stores 300 Matter Capacity 300 Sight Range 16 Robot Scan Range 16 Terrain Scan Density 10 Armor Coverage 1200 Resistance: KI 15 Resistance: TH 15 Resistance: EX 15 Resistance: EM 15 Resistance: I 15 Resistance: S 15 Resistance: P 15 Weapon Shielding 100 Evasion (%) 65 Targeting Accuracy 8 Core Analysis 9 Recoil Reduction 2 Kinecelleration 30 Salvage Targeting 4 Offensive Hacking 10 Item Schematics ----------------- Lgt. Angular Momentum Engine | -6/Zion | Archive Hvy. Phase Cannon | -6/Zion | Archive Hvy. Gauss Cannon | -6/Zion | Archive Phase Cannon | -6/Zion | Archive Imp. Remote Datajack | -6/Zion | Archive Thermal Shield | -6/Zion | Archive Arm. Medium Treads | -6/Zion | Archive Mass Driver | -6/Zion | Archive Imp. Proton Missile Launcher | -6/Zion | Archive Adv. Terrain Scanner | -6/Zion | Archive Imp. Transmission Jammer | -6/Zion | Archive Drone Bay | -6/Zion | Archive Adv. System Shield | -6/Zion | Archive Hvy. Machine Gun | -6/Zion | Archive Imp. Remote Shield | -6/Zion | Archive HERF Cannon | -6/Zion | Archive Robot Schematics ------------------ G-47 Trooper | -6/Zion | Archive E-15 Imp | -6/Zion | Archive A-02 Transporter | -6/Zion | Archive Fabricated ------------ Nothing Repaired ---------- Rocket Launcher | 61% | -8/Materials Hvy. Particle Gun | 60% | -7/Factory Alien Tech Used ----------------- None Achievements -------------- Boltbath Killing Spree Challenges ------------ None Game ------ Seed TimingActuatorEngine Manual? 0 Play Time 03:02:20 Cumulative 142.5 hours Start 2025.08.17 @ 17:49:52 End 2025.08.18 @ 22:20:38 Sessions 5 Manual Loads 0 Difficulty Rogue Special Mode None Game No. 198 Rogue 198 Adventurer 0 Explorer 0 Win Type - Total 1 Types 1/0/0/0/0/0/0/0/0/0 Lore% 70 Gallery% 63 Achievement% 53 Wizard Run 0 Options --------- Layout 0 ASCII 0 Keyboard 0 Movement Mouse Keybinds 0 Fullscreen 1 Font 16/SmallcapsGlow Map View 75x55 Zoom Use 0% Tactical HUD 1 Map Filters NONE Filters NONE Steam 1 RUN: 8f15ed8e-a4f7-40fd-ae06-414d70171fbf